Map: Ruins of Seras

Players

BunnyWillis - Winner!

  • Race: Terran Terran
  • League: Grandmaster

Ailee (Azure)

  • Race: Terran Terran
  • League: Grandmaster

VOD

Have the link to the VOD?

Description

Time

  • Played on: Nov. 22, 2015, 8:15 p.m.
  • Length: 14:40
Show
View Real Time Build Order
Export as new Build Order

BunnyWillis Terran - Winner!

Build Orders: Reaper Expand, MMM Bio 

Get SALT Encoding   

  12  0:01  SCV  
  13  0:13  SCV  
  14  0:25  SCV  
  14  0:27  Supply Depot  
  15  0:48  SCV  
  16  0:50  Barracks  
  16  0:54  Refinery  
  16  1:01  SCV  
  17  1:13  SCV  
  18  1:25  SCV  
  19  1:39  Reaper, Orbital Command  
  20  1:46  Command Center  
  20  2:06  SCV  
  21  2:08  Supply Depot  
  21  2:18  SCV, Barracks  
  21  2:19  Barracks Reactor  
  22  2:30  SCV  
  22  2:33  Factory  
  22  2:36  Refinery  
  23  2:42  SCV  
  23  2:54  SCV  
  23  2:57  Marine x2  
  26  3:00  Orbital Command  
  26  3:04  Barracks Tech Lab  
  26  3:06  SCV  
  27  3:15  Marine x2  
  27  3:18  SCV  
  31  3:29  Orbital Command  
  31  3:31  SCV  
  31  3:32  Cyclone  
  31  3:33  Marine x3  
  37  3:40  Supply Depot  
  36  3:43  SCV  
  37  3:51  Marine x3  
  37  3:55  SCV  
  41  3:56  Starport  
  41  3:59  Supply Depot  
  41  4:06  SCV  
  41  4:07  SCV  
  43  4:18  SCV  
  43  4:19  SCV, Stimpack, Marine  
  43  4:20  Factory Reactor, Barracks  
  46  4:27  Marine x2  
  46  4:30  SCV  
  49  4:31  SCV  
  50  4:40  Engineering Bay  
  50  4:42  SCV  
  50  4:43  SCV  
  50  4:47  Marine x3  
  50  4:52  Supply Depot  
  52  4:54  SCV  
  52  4:55  SCV  
  54  5:06  SCV, Medivac, Marine x3  
  59  5:07  SCV  
  59  5:08  Missile Turret  
  59  5:10  Factory Tech Lab  
  58  5:18  SCV  
  58  5:21  Missile Turret x2  
  56  5:23  Missile Turret  
  56  5:26  Marine  
  59  5:30  Barracks Reactor, Marine x2  
  59  5:32  SCV x2  
  61  5:36  Medivac  
  61  5:38  Medivac  
  65  5:46  Supply Depot  
  65  5:48  Supply Depot, Marine x2  
  67  5:52  SCV  
  67  5:57  Marine  
  64  6:05  SCV x2  
  64  6:06  Marine  
  64  6:08  Marine x3  
  64  6:10  Medivac x2  
  74  6:17  SCV x2  
  75  6:20  Refinery x2  
  75  6:22  Terran Infantry Weapons Level 1  
  75  6:25  Marine x2  
  75  6:29  Supply Depot  
  75  6:32  Marine x3  
  79  6:37  SCV x2  
  81  6:50  Marine  
  81  6:51  Command Center, Marine  
  81  6:53  Marine  
  84  6:57  Marine x2  
  84  7:00  SCV  
  87  7:03  SCV  
  88  7:10  Combat Shields, Siege Tank  
  88  7:12  SCV  
  92  7:17  Marine x2  
  94  7:24  Supply Depot  
  94  7:26  Marine x3  
  94  7:27  Supply Depot  
  97  7:34  Marine  
  97  7:35  Marine  
  96  7:43  Marine x2  
  93  7:44  SCV  
  93  7:49  Marine  
  93  7:51  Medivac x2  
  98  7:52  Siege Tank, Marine x2  
  103  8:01  Barracks x2, Marine  
  103  8:04  Marine  
  105  8:07  Marine  
  105  8:10  Marine  
  105  8:12  Orbital Command  
  107  8:16  Terran Infantry Armor Level 1, SCV  
  108  8:24  Marine  
  108  8:25  Marine x3  
  111  8:29  Missile Turret, Orbital Command  
  111  8:32  SCV x2  
  113  8:36  Siege Tank  
  115  8:45  Marine x4  
  115  8:46  Marine  
  120  8:52  SCV x2  
  122  9:00  Barracks Reactor  
  122  9:01  Barracks Reactor  
  122  9:02  Marine  
  122  9:03  Marine  
  122  9:05  Armory  
  124  9:11  Engineering Bay  
  117  9:17  Marine x3  
  117  9:20  Marine x2  
  118  9:30  Siege Tank  
  121  9:33  SCV  
  121  9:35  Marine x3  
  113  9:38  Marine x2  
  113  9:40  Marine x3  
  113  9:41  Marine  
  108  9:52  Medivac  
  110  9:53  Medivac, Marine x3  
  110  9:56  Terran Infantry Weapons Level 2, Marine x2  
  110  9:58  Marine x2  
  119  10:02  Siege Tank  
  119  10:04  SCV x3  
  123  10:08  Terran Vehicle Weapons Level 1  
  123  10:09  Marine x2  
  123  10:10  Marine  
  123  10:11  Marine x2  
  123  10:14  Marine x2  
  128  10:17  Supply Depot x2  
  128  10:18  Supply Depot  
  130  10:22  Marine x2  
  130  10:25  Sensor Tower  
  130  10:26  Marine  
  133  10:28  Terran Infantry Armor Level 2  
  133  10:38  Marine x3  
  133  10:40  Marine x2  
  133  10:41  Marine x2  
  140  10:44  Supply Depot, Marine  
  140  10:45  Marine  
  140  10:46  Siege Tank, Medivac x2  
  149  10:56  Marine x3  
  152  10:58  Marine x2  
  152  10:59  Marine x2  
  152  11:02  Marine  
  152  11:04  Marine  
  114  11:14  Marine x3  
  114  11:16  Marine x2  
  114  11:17  Marine x2  
  109  11:20  Marine  
  109  11:21  Marine  
  108  11:32  Marine x3  
  111  11:34  Marine x3  
  111  11:35  Command Center, Marine  
  111  11:38  Marine  
  111  11:39  Marine  
  117  11:41  Siege Tank  
  117  11:46  Factory  
  120  11:49  Marine x3  
  120  11:51  Marine  
  120  11:52  Marine x2  
  120  11:53  Marine  
  127  11:56  Marine  
  127  11:57  Sensor Tower, Marine  
  128  12:07  Marine x3  
  108  12:09  Marine x2  
  108  12:10  Marine  
  108  12:11  Marine  
  108  12:14  Marine  
  108  12:15  Marine  
  108  12:17  Siege Tank  
  111  12:25  Marine x3  
  111  12:27  Marine x2  
  111  12:28  Marine x2  
  118  12:30  Factory Tech Lab  
  118  12:31  Marine  
  118  12:33  Marine  
  120  12:43  Marine x3  
  123  12:45  Marine x2  
  123  12:46  Marine x2  
  123  12:49  Siege Tank, Marine  
  123  12:50  Marine  
  132  13:01  Siege Tank, Marine x3  
  132  13:02  Medivac x2  
  132  13:03  Marine x3  
  145  13:08  Marine x2  
  145  13:09  Marine  
  148  13:18  Marine x3  
  148  13:21  Siege Tank, Marine x3  
  148  13:26  Marine  
  149  13:27  Marine x2  
  124  13:36  Marine x3  
  124  13:38  Marine  
  124  13:39  Marine x2  
  114  13:43  Marine  
  114  13:45  Marine x2  
  110  13:48  Planetary Fortress  
  110  13:54  Marine x3  
  113  13:56  Marine x2  
  113  13:57  Marine  
  113  14:00  Medivac x2  
  113  14:01  Siege Tank x2, Marine  
  127  14:03  Marine  
  127  14:06  Refinery  
  127  14:07  Refinery  
  127  14:08  Marine  
  129  14:12  Marine x3  
  129  14:16  Marine x2  
  129  14:17  Marine  
  134  14:19  Marine  
  134  14:20  Marine  
Show
View Real Time Build Order
Export as new Build Order

Ailee Terran 

Build Orders: Bio Tank, MMM Bio, Banshee Rush 

Get SALT Encoding   

  12  0:02  SCV  
  13  0:14  SCV  
  13  0:19  Supply Depot  
  14  0:26  SCV  
  15  0:41  SCV, Refinery  
  16  0:46  Barracks  
  16  0:53  SCV  
  17  1:05  SCV  
  18  1:17  SCV  
  19  1:33  Marine, Orbital Command  
  20  1:47  Command Center  
  20  2:00  Factory  
  20  2:12  SCV  
  20  2:15  Marine  
  21  2:17  Supply Depot  
  22  2:24  SCV  
  22  2:31  Refinery  
  22  2:33  Marine  
  23  2:38  SCV  
  24  2:48  Hellion  
  24  2:50  SCV  
  27  2:51  Starport  
  27  2:57  Marine  
  28  3:02  Orbital Command  
  28  3:10  Factory Tech Lab  
  28  3:12  SCV  
  29  3:14  Marine  
  30  3:24  SCV  
  31  3:32  SCV  
  32  3:37  Banshee, Cloaking Field  
  32  3:40  Hellion, Marine  
  38  3:42  SCV  
  38  3:44  SCV  
  40  3:50  Supply Depot  
  40  3:54  SCV  
  41  3:57  SCV  
  41  3:58  Marine  
  41  4:01  Hellion  
  45  4:06  SCV  
  46  4:12  SCV  
  46  4:16  Marine  
  48  4:18  SCV  
  48  4:19  Supply Depot  
  48  4:20  Banshee  
  48  4:22  Hellion  
  54  4:28  Supply Depot  
  54  4:33  SCV  
  54  4:34  SCV  
  51  4:45  SCV  
  51  4:46  SCV  
  51  4:48  Hellion  
  51  4:49  Barracks Reactor  
  54  4:56  Command Center  
  54  4:57  SCV  
  54  4:59  SCV  
  56  5:09  SCV  
  57  5:16  SCV  
  51  5:29  Siege Tank  
  51  5:32  Medivac x2  
  51  5:33  Barracks  
  51  5:34  SCV, Barracks Tech Lab, Refinery  
  51  5:35  SCV, Refinery, Barracks  
  60  5:46  SCV  
  60  5:47  SCV, Engineering Bay  
  60  5:49  Engineering Bay  
  62  5:58  SCV  
  62  5:59  SCV  
  64  6:05  Marine  
  64  6:06  Stimpack  
  64  6:07  Siege Tank  
  64  6:08  Viking  
  64  6:10  SCV  
  71  6:11  SCV, Viking  
  75  6:23  SCV x2  
  75  6:24  Orbital Command  
  73  6:26  Barracks Reactor x2  
  73  6:27  Marine  
  74  6:35  SCV, Supply Depot  
  74  6:36  SCV  
  76  6:40  Terran Infantry Weapons Level 1, Terran Infantry Armor Level 1  
  76  6:42  Supply Depot, Barracks x2  
  76  6:48  Siege Tank  
  76  6:49  SCV  
  76  6:52  SCV  
  81  6:56  SCV  
  81  6:57  Marine  
  85  7:08  Marine x3  
  83  7:09  Supply Depot  
  86  7:15  Supply Depot  
  86  7:16  Supply Depot  
  86  7:17  SCV, Supply Depot  
  86  7:19  Supply Depot  
  86  7:20  SCV, Supply Depot  
  86  7:21  Marine x2  
  86  7:22  Supply Depot  
  90  7:26  Marine x2  
  90  7:27  Medivac x2  
  90  7:28  SCV  
  97  7:33  Supply Depot  
  92  7:45  Marine x2  
  92  7:46  Marine  
  95  7:51  Orbital Command  
  95  7:59  Marine  
  95  8:00  Medivac, Marine  
  95  8:02  Marine  
  95  8:03  Marine  
  104  8:05  SCV  
  104  8:06  Marine  
  104  8:09  SCV, Siege Tank  
  104  8:12  Barracks Reactor x2  
  107  8:13  Combat Shields  
  107  8:15  Armory  
  107  8:17  SCV, Marine x2  
  107  8:18  SCV  
  111  8:20  Sensor Tower  
  111  8:21  SCV  
  112  8:27  Marine x2  
  112  8:28  Marine  
  112  8:29  SCV  
  116  8:35  Marine x2  
  116  8:44  Missile Turret  
  116  8:45  Marine x3  
  118  8:49  Supply Depot  
  118  8:50  Supply Depot, Factory, Missile Turret x2  
  118  8:51  Missile Turret  
  118  8:53  Medivac x2, Marine x2  
  118  8:55  SCV  
  125  8:58  SCV  
  125  9:00  Marine x4  
  130  9:04  SCV  
  129  9:11  SCV  
  129  9:12  Marine x2  
  129  9:18  Marine x3  
  126  9:27  Marine  
  126  9:28  Marine x3  
  118  9:38  Orbital Command  
  118  9:40  Marine x2  
  118  9:42  SCV  
  121  9:46  Factory Tech Lab  
  121  9:48  Marine x2  
  121  9:49  Marine  
  124  9:56  Marine x2  
  124  9:57  Marine  
  127  10:01  Marine x2  
  129  10:07  Marine x2  
  129  10:08  Marine x2  
  129  10:14  Marine x2  
  134  10:15  Terran Vehicle Weapons Level 1  
  134  10:16  Engineering Bay x2  
  134  10:19  SCV x2  
  134  10:20  Barracks  
  134  10:21  Refinery, Barracks x2, Marine x3  
  137  10:25  Marine  
  141  10:31  Marine  
  141  10:34  Marine x3  
  145  10:36  Siege Tank  
  145  10:39  Supply Depot  
  145  10:40  Siege Tank  
  151  10:43  Terran Infantry Armor Level 2  
  151  10:44  Missile Turret  
  151  10:49  Marine x2  
  153  10:50  Marine x3  
  153  10:53  Marine x3  
  153  10:56  Marine  
  154  11:07  Marine x6  
  154  11:08  Marine x2  
  154  11:11  Marine  
  128  11:13  Marine x2  
  128  11:14  Marine  
  123  11:24  Marine  
  123  11:25  Marine x4  
  127  11:26  Barracks Reactor x2  
  127  11:27  Barracks Reactor  
  127  11:29  Marine  
  127  11:30  Terran Infantry Weapons Level 2  
  127  11:31  Marine x2  
  132  11:34  SCV  
  132  11:38  Siege Tank  
  136  11:40  Siege Tank  
  136  11:46  Command Center, Marine x2  
  140  11:47  Marine  
  140  11:50  Marine x2  
  140  11:51  SCV  
  141  12:05  Marine  
  120  12:10  Marine  
  120  12:11  Marine x2  
  120  12:15  Siege Tank x2, Marine x5  
  129  12:16  Marine  
  133  12:24  Marine x3  
  133  12:26  Marine  
  133  12:27  Marine  
  138  12:30  Marine x3  
  141  12:37  Marine x3  
  141  12:38  Marine x3  
  147  12:44  Marine  
  147  12:49  Marine x2  
  147  12:51  Marine  
  151  12:53  Marine  
  151  12:56  Marine  
  151  12:57  Marine  
  149  13:08  Marine x2  
  149  13:11  Marine x2  
  128  13:14  Sensor Tower  
  117  13:21  Marine x3  
  117  13:22  Marine x2  
  114  13:31  Marine x4  
  105  13:36  Marine x2  
  88  13:43  Marine x3  
  88  13:44  Marine x2  
  88  13:45  Planetary Fortress  
  82  13:52  Marine x3  
  82  13:53  Marine  
  82  13:55  Medivac  
  87  13:56  Medivac  
  87  13:57  Marine  
  87  14:02  Siege Tank  
  93  14:04  Siege Tank  
  96  14:20  Marine x3  
Tags
 
Add a new tag
Caveats
  • Supply blocks, unpowered buildings, or Contaminate may cause inaccurate times.
  • Supply counts are checked every 10 seconds.